AoeStats
← Kibyra

Fortress

508956468Analyzed
4v4 RM · 8d ago on Sep 24, 2026· 66m 34s· 8 players
Game mode
Random Map
Map size
Huge
Population
200
Speed
Normal
Resources
Standard
Victory
Conquest
Starting age
Dark Age
Ending age
Imperial Age
RankedLock teamsTeams togetherTeam positionsShared explorationLock speedFull tech treeHidden civsTurbo modeCheats
Victory
Defeat
🇩🇪 Wei · Germany
957
+10
🇩🇪 Britons · Germany
859
+14
🇦🇷 Burgundians · Argentina
836
+15
🇩🇪 Japanese · Germany
776
+17
🇮🇳 Portuguese · India
834
-15
🇹🇷 Persians · Türkiye
822
-14
🇹🇷 Bulgarians · Türkiye
820
-14
🇮🇳 Japanese · India
787
-13
Gangolf Eierschmalz
2:44 Loom
8:19 Feudal Age
9:29 Double-Bit Axe
9:31 Horse Collar
15:37 Castle Age
14:23 Gold Mining
15:00 Bloodlines
16:56 Bow Saw
16:59 Heavy Plow
17:02 Husbandry
19:19 Tuntian
23:24 Scale Barding Armor
26:01 Chain Barding Armor
29:16 Imperial Age
26:34 Town Watch
29:51 Town Patrol
30:28 Wheelbarrow
29:36 Heavy Hei Guang Cavalry
30:58 Forging
34:31 Iron Casting
45:33 Blast Furnace
45:35 Gold Shaft Mining
44:36 Capped Ram
56:27 Caravan
Rhagmon
7:02 Feudal Age
8:36 Double-Bit Axe
9:54 Wheelbarrow
15:23 Castle Age
16:31 Hand Cart
16:30 Bow Saw
16:03 Horse Collar
18:23 Gold Mining
18:32 Stone Mining
18:38 Loom
23:36 Gold Shaft Mining
23:22 Heavy Plow
23:20 Fletching
23:31 Padded Archer Armor
25:17 Ballistics
26:01 Bodkin Arrow
26:21 Leather Archer Armor
25:55 Town Watch
27:53 Fervor
28:03 Sanctity
30:26 Imperial Age
29:36 Gambesons
29:51 Squires
29:37 Arson
29:12 Pikeman
29:13 Man-at-Arms
33:10 Chemistry
31:54 Halberdier
35:59 Scale Mail Armor
36:09 Forging
36:00 Bracer
36:30 Ring Archer Armor
35:48 Treadmill Crane
35:59 Heated Shot
36:20 Masonry
36:15 Siege Engineers
36:05 Murder Holes
36:21 Fortified Wall
36:02 Guard Tower
36:49 Yeomen
36:37 Warwolf
37:37 Elite Longbowman
38:56 Hoardings
38:46 Sappers
39:36 Conscription
43:16 Long Swordsman
44:13 Chain Mail Armor
44:33 Iron Casting
44:34 Architecture
44:41 Keep
43:51 Arrowslits
43:40 Elite Skirmisher
44:25 Town Patrol
53:17 Two-Handed Swordsman
54:05 Champion
56:50 Two-Man Saw
60:34 Caravan
61:05 Coinage
Sense.i
10:37 Feudal Age
11:23 Horse Collar
11:31 Double-Bit Axe
17:00 Castle Age
16:02 Scale Mail Armor
16:08 Padded Archer Armor
16:01 Fletching
17:44 Gold Mining
17:47 Stone Mining
18:16 Bow Saw
19:19 Chain Mail Armor
19:54 Gold Shaft Mining
23:01 Elite Skirmisher
28:51 Leather Archer Armor
28:32 Bodkin Arrow
32:30 Ballistics
32:50 Forging
37:37 Imperial Age
37:27 Caravan
39:48 Conscription
41:23 Ring Archer Armor
41:24 Plate Mail Armor
42:07 Kataparuto
45:25 Bracer
46:02 Iron Casting
46:23 Elite Samurai
53:51 Chemistry
57:44 Hoardings
57:26 Thumb Ring
56:43 Crossbowman
PopySeed_[CuERvO]
1:20 Loom
2:13 Wheelbarrow
1:46 Double-Bit Axe
5:54 Horse Collar
10:24 Feudal Age
10:02 Gold Mining
10:03 Stone Mining
14:53 Castle Age
13:20 Heavy Plow
13:32 Bow Saw
19:45 Fletching
21:18 Bodkin Arrow
28:08 Imperial Age
28:24 Padded Archer Armor
29:55 Chemistry
55:00 Bracer
57:56 Leather Archer Armor
61:01 Scale Barding Armor
61:07 Forging
62:48 Gold Shaft Mining
62:49 Stone Shaft Mining
63:55 Chain Barding Armor
64:11 Iron Casting
Okan Caliskan
5:15 Loom
7:42 Feudal Age
13:38 Castle Age
12:06 Double-Bit Axe
12:44 Horse Collar
18:26 Bow Saw
21:56 Wheelbarrow
23:12 Forging
23:03 Scale Mail Armor
23:09 Scale Barding Armor
23:25 Elite Skirmisher
25:13 Chain Barding Armor
26:45 Heavy Plow
29:25 Hand Cart
29:04 Guard Tower
33:53 Iron Casting
33:36 Chain Mail Armor
37:56 Imperial Age
36:10 Masonry
35:56 Gold Mining
35:57 Stone Mining
36:10 Padded Archer Armor
36:00 Fletching
40:29 Elite Konnik
43:45 Bodkin Arrow
44:06 Leather Archer Armor
44:52 Blast Furnace
49:56 Bracer
50:27 Plate Mail Armor
50:33 Plate Barding Armor
51:27 Chemistry
51:03 Keep
Kibyra
5:30 Loom
8:59 Feudal Age
9:26 Double-Bit Axe
9:38 Gold Mining
9:37 Town Watch
10:30 Wheelbarrow
12:08 Horse Collar
18:13 Castle Age
16:17 Stone Mining
16:54 Fletching
18:46 Pikeman
20:53 Scale Barding Armor
20:31 Crossbowman
24:30 Forging
24:50 Bodkin Arrow
26:04 Ballistics
25:55 Husbandry
26:41 Masonry
27:16 Murder Holes
33:56 Imperial Age
33:48 Iron Casting
34:33 Conscription
35:32 Blast Furnace
34:21 Elite Skirmisher
35:17 Bloodlines
37:05 Padded Archer Armor
36:52 Halberdier
39:18 Leather Archer Armor
40:14 Cavalier
42:31 Bow Saw
43:22 Heavy Plow
43:41 Caravan
46:05 Crop Rotation
47:04 Kamandaran
49:31 Light Cavalry
51:44 Savar
53:56 Thumb Ring
58:40 Chemistry
61:32 Thumb Ring
62:35 Elite War Elephant
OmiOfSilver
10:06 Feudal Age
13:44 Castle Age
12:10 Double-Bit Axe
12:09 Horse Collar
12:30 Gold Mining
13:06 Stone Mining
15:03 Circumnavigation
17:32 Heavy Plow
27:37 Imperial Age
26:56 Wheelbarrow
26:08 Town Watch
26:10 Loom
28:58 Conscription
28:28 Elite Organ Gun
32:16 Siege Engineers
36:11 Stone Shaft Mining
37:14 Chemistry
36:10 Murder Holes
42:21 Bow Saw
43:37 Coinage
44:51 Banking
45:53 Hand Cart
45:48 Town Patrol
52:59 Two-Man Saw
59:13 Husbandry
59:24 Bloodlines
58:34 Light Cavalry
59:39 Forging
59:35 Scale Barding Armor
62:28 Iron Casting
62:13 Chain Barding Armor
ronin101
9:11 Feudal Age
10:28 Double-Bit Axe
14:41 Castle Age
16:10 Gold Mining
16:11 Stone Mining
17:21 Horse Collar
19:17 Gold Shaft Mining
22:03 Imperial Age
20:30 Squires
21:00 Heavy Plow
25:16 Chemistry
25:10 Husbandry
24:32 Light Cavalry
25:23 Bloodlines
24:40 Cavalier
28:29 Scale Barding Armor
28:28 Scale Mail Armor
33:21 Ballistics
34:15 Murder Holes
43:28 Forging
42:43 Man-at-Arms
43:10 Gambesons
42:48 Pikeman
43:20 Gambesons
43:23 Arson
43:57 Chain Mail Armor
44:17 Iron Casting
44:23 Halberdier
53:51 Blast Furnace
57:25 Plate Mail Armor
Connection lost

Rejoining the realm…

Still unreachable

The connection could not be restored.

Session expired

The server has moved on; the page needs a fresh start.